 Dungeon Crawl Stone Soup version 0.30-a0-618-gd6c86c23d0 (webtiles) character file.

Game seed: 3111029335007200367

81953 themarg the Martial Artist (level 15, 0/141 HPs)
             Began as a Gnoll Transmuter on Jan 9, 2023.
             Was a High Priest of Nemelex Xobeh.
             Blew themself up (55 damage)
             ... with an orb of destruction
             ... on level 13 of the Dungeon on Jan 10, 2023.
             The game lasted 01:36:52 (24388 turns).

themarg the Martial Artist (Gnoll Transmuter)      Turns: 24388, Time: 01:36:53

Health: 0/141      AC: 11    Str: 10    XL:     15   Next: 72%
Magic:  26/30      EV: 19    Int: 25    God:    Nemelex Xobeh [*****.]
Gold:   1485       SH:  0    Dex: 13    Spells: 14/37 levels left

rFire   x . .      SeeInvis .      - Unarmed
rCold   + + +      Faith    .    (shield currently unavailable)
rNeg    . . .      Spirit   .    (body armour currently unavailable)
rPois   +          Reflect  .    (helmet currently unavailable)
rElec   .          Harm     .    (cloak currently unavailable)
rCorr   .          Rampage  .    (gloves currently unavailable)
Will    +....                    (boots currently unavailable)
Stlth   ++++                     X - amulet of regeneration
HPRegen 1.23/turn                a - +5 ring of evasion
MPRegen 0.22/turn                l - +6 ring of intelligence

@: ice-form
A: freezing attack, amphibious, boosted hp, large, (fangs 1), strong nose,
distributed training
a: End Transformation, Renounce Religion, Draw Escape, Draw Destruction, Draw
Summoning, Triple Draw, Deal Four, Stack Five


You were on level 13 of the Dungeon.
You worshipped Nemelex Xobeh.
Nemelex Xobeh was extremely pleased with you.
You were a creature of crystalline ice.
You visited 3 branches of the dungeon, and saw 21 of its levels.
You also visited: Ice Cave.

You collected 2514 gold pieces.
You spent 1029 gold pieces at shops.

Inventory:

Hand Weapons
 Q - a +0 spectral quarterstaff (melded)
Missiles
 f - 2 boomerangs of dispersal (quivered)
 H - 3 poisoned darts
 W - 6 curare-tipped darts
 Y - 24 boomerangs
 Z - 5 throwing nets
Armour
 h - a +1 cloak (melded)
 i - a +2 helmet (melded)
 D - a +1 pair of gloves (melded)
 E - a +0 troll leather armour (melded)
 R - a +1 pair of boots (melded)
Jewellery
 a - a +5 ring of evasion (left front paw)
 g - the ring of Lilacs {rPois rC+ Will- Str+6}
   (You acquired it on level 3 of the Lair of Beasts)

   [ring of strength]

   Str:       It affects your strength (+6).
   rC:        It protects you from cold.
   rPois:     It protects you from poison.
   Will:      It decreases your willpower.
 l - a +6 ring of intelligence (right front paw)
 q - a ring of protection from fire
 L - a ring of positive energy
 U - a +6 ring of intelligence
 V - a ring of wizardry
 X - an amulet of regeneration (around neck)
Wands
 k - a wand of digging (9)
 n - a wand of flame (58)
 u - a wand of polymorph (1)
 B - a wand of roots (8)
 J - a wand of charming (13)
 P - a wand of acid (11)
Scrolls
 c - 3 scrolls of fear
 e - 4 scrolls of fog
 o - 4 scrolls of poison
 v - 6 scrolls of teleportation
 w - 2 scrolls of amnesia
 x - 4 scrolls of blinking
 y - 4 scrolls of magic mapping
 G - 2 scrolls of vulnerability
 K - 2 scrolls of torment
 O - 3 scrolls of immolation
 S - a scroll of enchant weapon
 T - a scroll of butterflies
Potions
 b - 6 potions of lignification
 d - 3 potions of haste
 j - 3 potions of might
 m - 6 potions of curing
 p - 3 potions of magic
 r - 5 potions of cancellation
 s - a potion of berserk rage {unknown}
 z - 3 potions of heal wounds
 A - 13 potions of ambrosia
 C - 3 potions of invisibility {unknown}
 F - 2 potions of brilliance
 I - 3 potions of flight
 M - 4 potions of resistance
 N - 6 potions of attraction
Miscellaneous
 t - a piece from Xom's chessboard (15/15)


   Skills:
 + Level 11.0 Fighting
 + Level 10.7 Short Blades
 + Level 10.7 Long Blades
 + Level 10.7 Axes
 + Level 10.7 Maces & Flails
 + Level 10.7 Polearms
 + Level 10.7 Staves
 + Level 10.7 Ranged Weapons
 + Level 10.7 Throwing
 + Level 10.7 Armour
 + Level 11.6 Dodging
 + Level 10.7 Stealth
 + Level 10.7 Shields
 + Level 12.4 Unarmed Combat
 + Level 11.7 Spellcasting
 + Level 9.0 Conjurations
 + Level 9.0 Hexes
 + Level 9.0 Summonings
 + Level 9.0 Necromancy
 + Level 9.0 Translocations
 + Level 9.8 Transmutations
 + Level 9.0 Fire Magic
 + Level 9.0 Ice Magic
 + Level 9.0 Air Magic
 + Level 9.0 Earth Magic
 + Level 9.0 Poison Magic
 + Level 11.6 Invocations
 + Level 10.7 Evocations


You had 14 spell levels left.
You knew the following spells:

 Your Spells              Type           Power      Damage    Failure   Level
a - Summon Lightning Spi  Summ/Air       56%        N/A       1%          4
b - Wereblood             Tmut           59%        N/A       1%          2
c - Spider Form           Tmut/Pois      58%        N/A       1%          3
d - Ice Form              Ice/Tmut       58%        N/A       1%          4
e - Irradiate             Conj/Tmut      29%        3d21      2%          5
f - Yara's Violent Unrav  Hex/Tmut       29%        3d12      2%          5

Your spell library contained the following spells:

 Spells                   Type           Power      Damage    Failure   Level
 Beastly Appendage        Tmut           100%       N/A       1%          1
 Freeze                   Ice            100%       1d10      1%          1
 Summon Small Mammal      Summ           100%       N/A       1%          1
 Ensorcelled Hibernation  Hex/Ice        100%       N/A       1%          2
 Sublimation of Blood     Necr           56%        N/A       1%          2
 Frozen Ramparts          Ice            100%       1d16      1%          3
 Hailstorm                Conj/Ice       56%        3d12      1%          3
 Tukima's Dance           Hex            56%        N/A       1%          3
 Anguish                  Hex/Necr       28%        N/A       1%          4
 Passage of Golubria      Tloc           56%        N/A       1%          4
 Petrify                  Tmut/Erth      58%        N/A       1%          4
 Simulacrum               Ice/Necr       28%        N/A       16%         6
 Storm Form               Tmut/Air       29%        N/A       58%         7
 Maxwell's Capacitive Co  Air            28%        ∞         100%        8


Dungeon Overview and Level Annotations

Branches:
Dungeon (14/15)            Temple (0/1) D:7            Lair (5/5) D:10
 Shoals (0/4) Lair:2       Spider (0/4) Lair:2        Slime (0/5) Lair:4
    Orc (2/2) D:11            Elf (0/3) Orc:2        Vaults (0/5) D:14
  IceCv (visited)

Altars:
Ashenzari
Cheibriados
Elyvilon
Gozag
Kikubaaqudgha
Makhleb
Nemelex Xobeh
Okawaru
Qazlal
Sif Muna
Uskayaw
Vehumet
Wu Jian
Xom
Yredelemnul
Zin
Jiyva

Shops:
D:5 **   D:10 (   Orc:1 (   Orc:2 [*([

Portals:
Hell: Lair:5

Annotations:
D:14 1 exclusion
Lair:5 3 runed translucent doors, bmack86's ghost, journeyman MiFi


Innate Abilities, Weirdness & Mutations

You are a creature of crystalline ice.
You have a powerful freezing melee attack.
You are amphibious.
Your maximum health is increased.
Your armour is entirely melded.
You are incapable of wielding weapons or throwing items.
((You have very sharp teeth.))
Your uncanny sense of smell can sniff out nearby items.
Your experience applies equally to all skills.


Message History

The vault guard is drained!
You feel a surge of magic.
The vault guard hits you with a +0 long sword.
Your orb of destruction hits a rock wall.
The vault guard barely misses you.
The vault guard hits you with a +2 heavy great mace!
You draw a card...
You have drawn Wild Magic.
The vault guard pauses, visibly distraught.
The vault guard is drained!
Fire whirls out the vault guard's hands!
You feel a surge of magic. The vault guard barely misses you.
The vault guard hits you but does no damage.
You draw a card...
You have drawn Vitriol.
Press: ? - help, Shift-Dir - straight line, f/p - vault guard
Aim: a vault guard, wielding a +0 long sword and wearing a +0 chain mail (almost dead, lightly drained)
The glob of acid hits the vault guard!!
The acid corrodes the vault guard!
You kill the vault guard!
The vault guard completely misses you. The vault guard barely misses you.
You turn into a creature of crystalline ice.
Your +0 spectral quarterstaff melds into your body.
Your +1 cloak melds into your body.
Your +2 helmet melds into your body.
Your +1 pair of gloves melds into your body.
Your +1 pair of boots melds into your body.
Your +0 troll leather armour melds into your body.
The vault guard misses you.
The vault guard hits you but does no damage.
You hit the vault guard but do no damage.
The vault guard is moderately wounded.
You hit the vault guard but do no damage.
The vault guard is moderately wounded.
The vault guard barely misses you.
The vault guard hits you with a +2 heavy great mace!
You pummel the vault guard!! You freeze the vault guard.
The vault guard is severely wounded.
The vault guard hits you but does no damage.
You punch the vault guard! You freeze the vault guard.
The vault guard is almost dead.
The orb of destruction hits you!!!
You die...
Your body glows with a rainbow of weird colours and disappears.

.......†.#.#..........##.#.###.#.
.........#............##.#.....#.
#'##########..........#######.###
#..### #####.###### #.# ##...#
#...# #.## ###.## ##.### #..#
#..# #..# ##.# #####'###
##'######### #.# ........#
#...○Y.....# #####.## ........#
#.°○p)p[...# #....... ........#
##.○........# #.......
^.......###.°.........####.......
........##..^.........##.........
>.......'.............##.#.......
........####..........##.#.......
........# #>.°.......'..#.......
........# #".........####.......


You could see 2 vault guards.

Vanquished Creatures
  Nessos (Orc:2)
  2 dire elephants (Lair:5)
  A boulder beetle (Lair:5)
  Harold (Lair:1)
  3 vault guards (D:13)
  A centaur warrior (D:13)
  A catoblepas (Orc:2)
  3 hydras
  An alligator (Lair:5)
  A tengu warrior (D:13)
  3 orc high priests
  4 two-headed ogres
  Urug (D:10)
  Sonja (Orc:1)
  A sixfirhy (Lair:5)
  A wizard (Lair:5)
  A harpy (Lair:4)
  Pikel (D:8)
  A deep elf pyromancer (D:12)
  2 orc knights
  An orc sorcerer (Orc:1)
  3 ugly things
  4 manticores
  5 cyclopes
  10 elephants
  4 black mambas
  A torpor snail (Lair:4)
  Maurice (D:12)
  9 cane toads
  Joseph (D:7)
  2 ice statues (IceCv)
  An unseen horror (D:10)
  5 rime drakes
  11 komodo dragons
  The ghost of OTABOTABOTAB the Changer, a novice OpTm (D:6)
  2 meliai
  A queen bee (Lair:5)
  5 polar bears
  A hornet (Lair:5)
  12 trolls
  A wind drake (Lair:2)
  10 blink frogs
  A tarantella (Lair:2)
  A dream sheep (Lair:4)
  7 slime creatures
  2 culicivoras (Lair:2)
  A vampire (D:11)
  2 shadows
  5 wyverns
  3 water elementals (D:12)
  2 wraiths (Lair:5)
  2 basilisks
  30 yaks
  A human (Lair:1)
  A redback (Lair:2)
  4 vampire mosquitoes
  A death yak simulacrum (IceCv)
  A naga (Lair:4)
  Edmund (D:4)
  2 wargs
  4 acid dragons
  2 hell hounds (Lair:5)
  18 water moccasins
  A swamp drake (Orc:2)
  27 orc warriors
  An ice beast (D:8)
  5 black bears
  An ogre (Orc:1)
  A boggart (Orc:2)
  9 wolves
  7 centaurs
  4 lemures (D:8)
  3 phantoms
  2 kobold brigands (D:7)
  3 necrophages
  10 bullfrogs
  2 gnoll sergeants
  3 scorpions
  A wyvern zombie (D:6)
  2 wights
  24 killer bees
  2 electric eels (D:12)
  9 howler monkeys
  6 crimson imps (D:9)
  2 gnoll boudas
  A centaur zombie (D:6)
  4 hounds
  6 jellies
  12 orc priests
  Crazy Yiuf (D:7)
  A centaur skeleton (D:6)
  3 iguanas
  18 orc wizards
  2 howler monkey zombies (D:6)
  22 gnolls
  10 adders
  2 shadow imps
  3 white imps
  3 ufetubi
  A worm (Lair:2)
  A dart slug (D:2)
  51 orcs
  16 ball pythons
  2 bats
  2 endoplasms (D:4)
  3 giant cockroaches
  5 goblins
  10 hobgoblins
  14 kobolds
  3 quokkas
  6 frilled lizards
  3 rats
  A butterfly (D:3)
544 creatures vanquished.

Vanquished Creatures (collateral kills)
  An orc warlord (Orc:1)
  Josephine (Lair:5)
  2 hydras
  An orc high priest (Orc:2)
  An orc knight (Orc:1)
  An ugly thing (IceCv)
  An elephant (Lair:3)
  An ice statue (IceCv)
  3 orange demons (Lair:5)
  2 cane toads (Lair:5)
  A komodo dragon (D:13)
  A rime drake (Lair:5)
  A freezing wraith (IceCv)
  An ice devil (Lair:5)
  A red devil (Lair:5)
  A queen bee (D:13)
  2 meliai (D:13)
  2 trolls (Orc:1)
  A hellwing (Lair:5)
  6 dream sheep
  Prince Ribbit (Lair:3)
  12 blink frogs
  A slime creature (D:13)
  A wraith (Lair:5)
  2 dire elephant simulacra (IceCv)
  A basilisk (Lair:3)
  5 yaks (Lair:5)
  A human (Lair:5)
  A death yak simulacrum (IceCv)
  A vampire mosquito (D:12)
  A warg (Orc:2)
  5 water moccasins (Lair:5)
  2 hell hounds (Lair:5)
  11 orc warriors
  4 wolves (Lair:5)
  2 ogres (Orc:1)
  2 bullfrogs
  3 wights (D:8)
  3 killer bees (D:13)
  2 elephant simulacra (IceCv)
  10 orc priests
  8 orc wizards
  A wolf simulacrum (IceCv)
  12 white imps (Lair:3)
  47 orcs
  2 butterflies (Lair:5)
172 creatures vanquished.

Vanquished Creatures (others)
  A crimson imp (D:9)
  A kobold (Orc:2)
  70 fungi
  75 plants
  2 withered plants (D:6)
149 creatures vanquished.

Grand Total: 865 creatures vanquished

Notes
Turn   | Place    | Note
-------+----------+-------------------------------------------
     0 | D:1      | themarg the Gnoll Transmuter began the quest for the Orb.
     0 | D:1      | Reached XP level 1. HP: 17/17 MP: 6/6
   190 | D:1      | Reached XP level 2. HP: 23/23 MP: 7/7
   193 | D:1      | Learned a level 2 spell: Wereblood
   812 | D:2      | Reached skill level 5 in Spellcasting
   812 | D:2      | Reached XP level 3. HP: 19/28 MP: 6/9
   815 | D:2      | Reached skill level 1 in Invocations
   883 | D:2      | Reached skill level 1 in Short Blades
   883 | D:2      | Reached skill level 1 in Long Blades
   883 | D:2      | Reached skill level 1 in Axes
   883 | D:2      | Reached skill level 1 in Maces & Flails
   883 | D:2      | Reached skill level 1 in Polearms
   883 | D:2      | Reached skill level 1 in Staves
   883 | D:2      | Reached skill level 1 in Ranged Weapons
   883 | D:2      | Reached skill level 1 in Throwing
   883 | D:2      | Reached skill level 1 in Armour
   883 | D:2      | Reached skill level 1 in Stealth
   883 | D:2      | Reached skill level 1 in Shields
   883 | D:2      | Reached skill level 1 in Evocations
   900 | D:2      | Learned a level 3 spell: Spider Form
   931 | D:2      | Reached XP level 4. HP: 32/34 MP: 11/11
  1182 | D:3      | Reached skill level 1 in Conjurations
  1182 | D:3      | Reached skill level 1 in Hexes
  1182 | D:3      | Reached skill level 1 in Summonings
  1182 | D:3      | Reached skill level 1 in Necromancy
  1182 | D:3      | Reached skill level 1 in Translocations
  1182 | D:3      | Reached skill level 1 in Fire Magic
  1182 | D:3      | Reached skill level 1 in Ice Magic
  1182 | D:3      | Reached skill level 1 in Air Magic
  1182 | D:3      | Reached skill level 1 in Earth Magic
  1182 | D:3      | Reached skill level 1 in Poison Magic
  1317 | D:3      | Found a sparkling altar of Nemelex Xobeh.
  1322 | D:3      | Became a worshipper of Nemelex Xobeh the Trickster
  1432 | D:3      | Found a shimmering altar of Xom.
  1504 | D:3      | Found a radiant altar of Vehumet.
  1520 | D:3      | Reached XP level 5. HP: 35/40 MP: 12/12
  1598 | D:3      | Found a faded altar of an unknown god.
  1607 | D:3      | Found a snail-covered altar of Cheibriados.
  1794 | D:3      | Found a faded altar of an unknown god.
  2182 | D:4      | Reached * piety under Nemelex Xobeh
  2198 | D:4      | Noticed a phantom
  2213 | D:4      | Killed a phantom
  2214 | D:4      | Reached XP level 6. HP: 41/47 MP: 14/14
  2292 | D:4      | Reached skill level 5 in Dodging
  2381 | D:4      | Received a gift from Nemelex Xobeh
  2531 | D:4      | Found a stormy altar of Qazlal.
  2603 | D:4      | Reached skill level 7 in Unarmed Combat
  2603 | D:4      | Reached XP level 7. HP: 27/52 MP: 15/15
  2695 | D:4      | Noticed Edmund
  2713 | D:4      | Killed Edmund
  3044 | D:4      | Learned a level 4 spell: Ice Form
  3054 | D:5      | Entered Level 5 of the Dungeon
  3096 | D:5      | You fall into a shaft and drop 1 floor!
  3099 | D:6      | Found an opulent altar of Gozag.
  3231 | D:6      | Found a burning altar of Makhleb.
  3429 | D:5      | Found an iron altar of Okawaru.
  3451 | D:5      | Reached XP level 8. HP: 53/60 MP: 13/16
  3589 | D:5      | Found Locustrea's Specific Store.
  3591 | D:5      | Found Ehunel Roqi's General Store.
  3611 | D:5      | Bought a scroll of blinking for 90 gold pieces
  3611 | D:5      | Bought a scroll of teleportation for 36 gold pieces
  3611 | D:5      | Bought a potion of heal wounds for 60 gold pieces
  3611 | D:5      | Bought a scroll of magic mapping for 90 gold pieces
  3611 | D:5      | Bought a scroll of identify for 24 gold pieces
  3928 | D:6      | Found a glowing silver altar of Zin.
  3930 | D:6      | Found a broken altar of Ashenzari.
  3967 | D:6      | Reached ** piety under Nemelex Xobeh
  4362 | D:6      | Received a gift from Nemelex Xobeh
  4459 | D:6      | Reached skill level 5 in Transmutations
  4541 | D:6      | Found a runed translucent gate.
  4541 | D:6      | Found a runed translucent gate.
  4541 | D:6      | Found a runed translucent gate.
  4544 | D:6      | Noticed OTABOTABOTAB's ghost (novice OpTm)
  4563 | D:6      | Killed OTABOTABOTAB's ghost
  4564 | D:6      | Reached XP level 9. HP: 67/67 MP: 18/18
  4588 | D:6      | Found a white marble altar of Elyvilon.
  4616 | D:6      | Found a shimmering blue altar of Sif Muna.
  4647 | D:6      | Got Sif Muna's Folio of Sidekicks
  4813 | D:6      | Found an ornate altar of the Wu Jian Council.
  4853 | D:6      | Received a gift from Nemelex Xobeh
  5156 | D:7      | Found a hide-covered altar of Uskayaw.
  5272 | D:7      | Reached skill level 5 in Fighting
  5445 | D:7      | Found a staircase to the Ecumenical Temple.
  5627 | D:7      | Noticed Joseph
  5644 | D:7      | Killed Joseph
  5645 | D:7      | Reached skill level 8 in Unarmed Combat
  5645 | D:7      | Reached skill level 5 in Invocations
  6038 | D:7      | Noticed a brown ugly thing
  6049 | D:7      | Killed a brown ugly thing
  6294 | D:7      | Found a runed translucent door.
  6295 | D:7      | Noticed Crazy Yiuf
  6300 | D:7      | Killed Crazy Yiuf
  6639 | D:8      | Reached skill level 5 in Short Blades
  6639 | D:8      | Reached skill level 5 in Long Blades
  6639 | D:8      | Reached skill level 5 in Axes
  6639 | D:8      | Reached skill level 5 in Maces & Flails
  6639 | D:8      | Reached skill level 5 in Polearms
  6639 | D:8      | Reached skill level 5 in Staves
  6639 | D:8      | Reached skill level 5 in Ranged Weapons
  6639 | D:8      | Reached skill level 5 in Throwing
  6639 | D:8      | Reached skill level 5 in Armour
  6639 | D:8      | Reached skill level 5 in Stealth
  6639 | D:8      | Reached skill level 5 in Shields
  6639 | D:8      | Reached skill level 5 in Evocations
  6639 | D:8      | Reached XP level 10. HP: 76/76 MP: 20/20
  6645 | D:8      | Received a gift from Nemelex Xobeh
  6903 | D:8      | Reached *** piety under Nemelex Xobeh
  7052 | D:8      | Noticed a manticore
  7053 | D:8      | Noticed Pikel
  7285 | D:8      | Noticed a two-headed ogre
  7459 | D:8      | Killed a two-headed ogre
  7639 | D:8      | Received a gift from Nemelex Xobeh
  7927 | D:8      | Killed a manticore
  8509 | D:8      | Killed Pikel
  9001 | D:9      | Noticed a two-headed ogre
  9001 | D:9      | Found a basalt altar of Yredelemnul.
  9214 | D:9      | Received a gift from Nemelex Xobeh
  9286 | D:9      | Killed a two-headed ogre
  9504 | D:9      | Reached skill level 9 in Unarmed Combat
  9507 | D:9      | Reached skill level 5 in Conjurations
  9507 | D:9      | Reached skill level 5 in Hexes
  9507 | D:9      | Reached skill level 5 in Summonings
  9507 | D:9      | Reached skill level 5 in Necromancy
  9507 | D:9      | Reached skill level 5 in Translocations
  9507 | D:9      | Reached skill level 5 in Fire Magic
  9507 | D:9      | Reached skill level 5 in Ice Magic
  9507 | D:9      | Reached skill level 5 in Air Magic
  9507 | D:9      | Reached skill level 5 in Earth Magic
  9507 | D:9      | Reached skill level 5 in Poison Magic
  9507 | D:9      | Reached XP level 11. HP: 83/83 MP: 22/22
  9779 | D:9      | Reached **** piety under Nemelex Xobeh
  9880 | D:10     | Entered Level 10 of the Dungeon
  9886 | D:10     | Found Vurchekae's Antique Weapon Shop.
 10032 | D:10     | Noticed Urug
 10042 | D:10     | Killed Urug
 10174 | D:10     | Found a staircase to the Lair.
 10362 | D:10     | Received a gift from Nemelex Xobeh
 10624 | D:10     | Found an ancient bone altar of Kikubaaqudgha.
 10689 | D:10     | Received a gift from Nemelex Xobeh
 10860 | D:11     | Noticed a cyan ugly thing
 10872 | D:11     | Killed a cyan ugly thing
 10923 | D:11     | Noticed a manticore
 10929 | D:11     | Killed a manticore
 10984 | D:11     | Found a staircase to the Orcish Mines.
 11013 | D:11     | Noticed a two-headed ogre
 11016 | D:11     | Killed a two-headed ogre
 11017 | D:11     | Reached XP level 12. HP: 91/91 MP: 19/24
 11513 | D:11     | Received a gift from Nemelex Xobeh
 11554 | D:11     | Learned a level 5 spell: Irradiate
 11618 | Lair:1   | Entered Level 1 of the Lair of Beasts
 11681 | Lair:1   | Reached ***** piety under Nemelex Xobeh
 11937 | Lair:1   | Noticed Harold
 11950 | Lair:1   | Reached skill level 10 in Unarmed Combat
 11969 | Lair:1   | Killed Harold
 12241 | Lair:1   | a komodo dragon changed into an entropy weaver
 12241 | Lair:1   | Noticed an entropy weaver
 12244 | Lair:1   | an entropy weaver changed into a wolf
 12320 | Lair:1   | Received a gift from Nemelex Xobeh
 12886 | Lair:2   | Noticed a five-headed hydra
 12889 | Lair:2   | a cane toad changed into an entropy weaver
 12889 | Lair:2   | Noticed an entropy weaver
 12889 | Lair:2   | a five-headed hydra changed into a great orb of eyes
 12889 | Lair:2   | Noticed a great orb of eyes
 12890 | Lair:2   | an entropy weaver changed into a worm
 12890 | Lair:2   | a great orb of eyes changed into a tarantella
 13008 | Lair:2   | Received a gift from Nemelex Xobeh
 13036 | Lair:2   | Found a hole to the Spider Nest.
 13252 | Lair:2   | Found a staircase to the Shoals.
 13343 | Lair:2   | Received a gift from Nemelex Xobeh
 13778 | Lair:3   | Found a frozen archway.
 13791 | IceCv    | Entered an ice cave
 13794 | IceCv    | Identified the +2 trident of Truth {spect, Str+5}
 13798 | IceCv    | Reached XP level 13. HP: 99/99 MP: 19/26
 13973 | Lair:3   | Received a gift from Nemelex Xobeh
 13995 | Lair:3   | Noticed Prince Ribbit
 14000 | Lair:3   | Killed Prince Ribbit
 14570 | Lair:3   | Reached skill level 10 in Spellcasting
 14614 | Lair:3   | Identified a scroll of acquirement
 14614 | Lair:3   | Acquired the ring of Lilacs {rPois rC+ Will- Str+6}
 14807 | Lair:4   | Found a staircase to the Slime Pits.
 14808 | Lair:4   | Found a viscous altar of Jiyva.
 14897 | Lair:4   | Received a gift from Nemelex Xobeh
 15167 | Lair:4   | Reached skill level 10 in Dodging
 15167 | Lair:4   | Reached skill level 11 in Unarmed Combat
 15329 | Lair:4   | Received a gift from Nemelex Xobeh
 15799 | Lair:4   | Reached skill level 10 in Invocations
 15799 | Lair:4   | Reached XP level 14. HP: 108/108 MP: 23/28
 15836 | Lair:4   | Reached ****** piety under Nemelex Xobeh
 16136 | Lair:5   | Entered Level 5 of the Lair of Beasts
 16204 | Lair:5   | Learned a level 4 spell: Summon Lightning Spire
 16366 | Lair:5   | Found a runed translucent gate.
 16366 | Lair:5   | Found a runed translucent gate.
 16366 | Lair:5   | Found a runed translucent gate.
 16366 | Lair:5   | Noticed a rockslime
 16366 | Lair:5   | Noticed an azure jelly
 16366 | Lair:5   | Noticed an azure jelly
 16367 | Lair:5   | Found a viscous altar of Jiyva.
 16367 | Lair:5   | Noticed bmack86's ghost (journeyman MiFi)
 16367 | Lair:5   | Noticed an azure jelly
 16799 | Lair:5   | Received a gift from Nemelex Xobeh
 17071 | Lair:5   | Noticed Josephine
 17082 | Lair:5   | Killed Josephine
 17152 | Lair:5   | Noticed a dire elephant
 17172 | Lair:5   | Killed a dire elephant
 17182 | Lair:5   | Reached skill level 10 in Fighting
 17636 | Lair:5   | Noticed a dire elephant
 17643 | Lair:5   | Killed a dire elephant
 17786 | Lair:5   | Found a burning altar of Makhleb.
 17807 | Lair:5   | HP: 3/110 [hell hound/blast of flame (27)]
 18373 | Lair:5   | Found a gateway to Hell.
 19198 | D:12     | Noticed Maurice
 19208 | D:12     | Killed Maurice
 19318 | D:12     | Received a gift from Nemelex Xobeh
 19449 | D:12     | Reached skill level 10 in Short Blades
 19449 | D:12     | Reached skill level 10 in Long Blades
 19449 | D:12     | Reached skill level 10 in Axes
 19449 | D:12     | Reached skill level 10 in Maces & Flails
 19449 | D:12     | Reached skill level 10 in Polearms
 19449 | D:12     | Reached skill level 10 in Staves
 19449 | D:12     | Reached skill level 10 in Ranged Weapons
 19449 | D:12     | Reached skill level 10 in Throwing
 19449 | D:12     | Reached skill level 10 in Armour
 19449 | D:12     | Reached skill level 10 in Stealth
 19449 | D:12     | Reached skill level 10 in Shields
 19449 | D:12     | Reached skill level 10 in Evocations
 19693 | D:12     | Identified the +4 scale mail of the Old and Reckless {*Slow
                  | +Blink Will- Dex+7}
 19984 | D:12     | Reached XP level 15. HP: 117/117 MP: 26/30
 20232 | D:12     | Reached skill level 12 in Unarmed Combat
 20715 | D:11     | Learned a level 5 spell: Yara's Violent Unravelling
 21055 | Orc:1    | Entered Level 1 of the Orcish Mines
 21055 | Orc:1    | Noticed an orc warlord
 21055 | Orc:1    | Received a gift from Nemelex Xobeh
 21067 | Orc:1    | Killed an orc warlord
 21420 | Orc:1    | Noticed Sonja
 21421 | Orc:1    | Killed Sonja
 21425 | Orc:1    | You fall into a shaft and drop 1 floor!
 21425 | Orc:2    | Entered Level 2 of the Orcish Mines
 21425 | Orc:2    | Received a gift from Nemelex Xobeh
 21541 | Orc:2    | Noticed Nessos
 21681 | Orc:1    | Found Wiadd's Weapon Shop.
 21852 | Orc:2    | Received a gift from Nemelex Xobeh
 21930 | Orc:2    | Killed Nessos
 22153 | Orc:2    | Found a staircase to the Elven Halls.
 22668 | Orc:2    | Found Herch's Antique Armour Shoppe.
 22717 | Orc:2    | Found Vehouvept's Assorted Antiques.
 22725 | Orc:2    | Bought a scroll of identify for 54 gold pieces
 22806 | Orc:2    | Noticed an orc warlord
 22808 | Orc:2    | an orc warlord changed into a catoblepas
 22886 | Orc:2    | Found Ukhaat's Antique Armour Shoppe.
 22918 | Orc:2    | Found Irotacuw's Antique Weapon Emporium.
 23094 | Orc:2    | Bought a potion of curing for 81 gold pieces
 23094 | Orc:2    | Bought 2 scrolls of blinking for 405 gold pieces
 23094 | Orc:2    | Bought a scroll of amnesia for 108 gold pieces
 23094 | Orc:2    | Bought a scroll of teleportation for 81 gold pieces
 24260 | D:14     | Received a gift from Nemelex Xobeh
 24285 | D:14     | Found a gate to the Vaults.
 24388 | D:13     | Blew themself up

Illustrated notes

Levels and vault maps discovered:
D:1:      dpeg_arrival_rooms_c, layout_loops_ring
D:2:      layout_rooms, minmay_split_cup_large
D:3:      layout_loops_ring, nicolae_overflow_ecumenical_swirl,
          nemelex_spade_bored_becter, xom_butterflies, lemuel_round_altar,
          ebering_ecumenical_altar_box, minmay_shallow_snake_nest
D:4:      layout_loops_corners, nicolae_qazlal_scattered_showers, uniq_edmund
D:5:      layout_rooms, mainiacjoe_overflow_cross_hatched,
          nicolae_specific_store
D:6:      layout_basic, kennysheep_mini, old_standard_altar, led_sif_book,
          nicolae_overflow_hidden_temple, grunt_temple_overflow_open,
          gammafunk_ghost_split, serial_undead, serial_undead_e,
          serial_undead_f, serial_undead_e, serial_undead_f
D:7:      layout_basic, kennysheep_mini_moat, minmay_temple_entry_tees,
          grunt_tough_drop, uniq_crazy_yiuf_cottage, uniq_joseph
D:8:      layout_gridville, minmay_small_thing, uniq_pikel
D:9:      layout_small_grid, mainiacjoe_overflow_paths, minmay_nine_imps
D:10:     layout_cave_pods, old_standard_altar, due_lair_maze_entry_diamond,
          serial_shops, nicolae_shop_hallway_plus, uniq_urug
D:11:     layout_small_grid, david_orc_1_choice
D:12:     layout_basic, uniq_maurice
D:13:     layout_roguey [special_room_bee], drop_trap, minmay_orc_keep
D:14:     layout_irregular_city, erik_vaults_2, serial_park_fountain
Lair:1:   layout_roguey, uniq_harold
Lair:2:   layout_roguey, minmay_shoals_entry_beasts,
          spider_nest_entry_funnel_web, lemuel_fruit_fields,
          infiniplex_staircase_pool
Lair:3:   layout_gridlike, portal_ice_cave_entry_imps, uniq_prince_ribbit2
Lair:4:   layout_cellular_growth, minmay_slime_entry_pillars, evilmike_ambush
          [evilmike_ambush_outer_basic, evilmike_ambush_inner_basic],
          grunt_megastairs_1
Lair:5:   evil_forest, layout_cave_pods, gammafunk_ghost_ooze,
          lemuel_fruit_fields, uniq_josephine
Orc:1:    layout_caves, serial_shops, nicolae_shop_bloodbath_and_beyond,
          uniq_sonja
Orc:2:    grunt_orc_community_town_hall, layout_caves,
          grunt_orc_community_big_house_1, grunt_orc_community_big_house_1,
          grunt_orc_community_house_3, grunt_orc_community_house_1,
          grunt_orc_community_house_3, grunt_orc_community_house_2,
          grunt_orc_community_house_3, grunt_orc_community_house_3, uniq_nessos

Skill      XL: |  1  2  3  4  5  6  7  8  9 10 11 12 13 14 15 |
---------------+----------------------------------------------+-----
Spellcasting   | 5 6 7 8 9 10 11 | 11.7
Invocations    | 1 2 3 4 5 6 7 8 10 11 | 11.6
Short Blades   | 1 2 3 4 5 6 7 8 9 10 | 10.7
Long Blades    | 1 2 3 4 5 6 7 8 9 10 | 10.7
Axes           | 1 2 3 4 5 6 7 8 9 10 | 10.7
Maces & Flails | 1 2 3 4 5 6 7 8 9 10 | 10.7
Polearms       | 1 2 3 4 5 6 7 8 9 10 | 10.7
Staves         | 1 2 3 4 5 6 7 8 9 10 | 10.7
Ranged Weapons | 1 2 3 4 5 6 7 8 9 10 | 10.7
Throwing       | 1 2 3 4 5 6 7 8 9 10 | 10.7
Armour         | 1 2 3 4 5 6 7 8 9 10 | 10.7
Stealth        | 1 2 3 4 5 6 7 8 9 10 | 10.7
Shields        | 1 2 3 4 5 6 7 8 9 10 | 10.7
Evocations     | 1 2 3 4 5 6 7 8 9 10 | 10.7
Conjurations   | 1 2 3 4 5 6 7 8 9 |  9.0
Hexes          | 1 2 3 4 5 6 7 8 9 |  9.0
Summonings     | 1 2 3 4 5 6 7 8 9 |  9.0
Necromancy     | 1 2 3 4 5 6 7 8 9 |  9.0
Translocations | 1 2 3 4 5 6 7 8 9 |  9.0
Fire Magic     | 1 2 3 4 5 6 7 8 9 |  9.0
Ice Magic      | 1 2 3 4 5 6 7 8 9 |  9.0
Air Magic      | 1 2 3 4 5 6 7 8 9 |  9.0
Earth Magic    | 1 2 3 4 5 6 7 8 9 |  9.0
Poison Magic   | 1 2 3 4 5 6 7 8 9 |  9.0
Fighting       | 3 4 5 6 7 8 9 10 11 | 11.0
Transmutations | 4 5 6 7 8 9 |  9.8
Dodging        | 5 6 7 8 9 10 11 | 11.6
Unarmed Combat | 7 8 9 10 11 12 | 12.4

Action                   |  1- 3 |  4- 6 |  7- 9 | 10-12 | 13-15 || total
-------------------------+-------+-------+-------+-------+-------++-------
Melee: Unarmed           |    62 |   114 |   260 |   519 |   650 ||  1605
       Kick              |    11 |       |       |       |       ||    11
       Headbutt          |     7 |     1 |       |       |       ||     8
       Bite              |     4 |     2 |       |       |     3 ||     9
       Quarterstaff      |       |       |       |       |    21 ||    21
Throw: Dart              |       |       |       |     6 |       ||     6
 Cast: Beastly Appendage |    17 |     2 |       |       |       ||    19
       Wereblood         |     1 |     2 |     6 |    10 |     6 ||    25
       Spider Form       |       |    24 |    24 |     4 |     5 ||    57
       Ice Form          |       |       |     9 |    41 |    73 ||   123
       Irradiate         |       |       |       |     2 |     5 ||     7
       Summon Lightning  |       |       |       |       |    95 ||    95
       Yara's Violent Un |       |       |       |       |    10 ||    10
Invok: Draw Destruction  |       |       |       |    28 |    44 ||    72
       Draw Summoning    |       |       |       |     5 |    14 ||    19
       Draw Escape       |       |       |       |     2 |       ||     2
       Triple Draw       |       |       |       |     1 |     4 ||     5
 Abil: End Transformatio |       |       |       |       |     1 ||     1
Evoke: Piece from Xom's  |       |       |     1 |    22 |    12 ||    35
       Wand              |       |       |       |     1 |     2 ||     3
  Use: Scroll            |       |       |     5 |     9 |    16 ||    30
       Potion            |       |       |     1 |     2 |     3 ||     6
 Stab: Sleeping          |     2 |     1 |     6 |     4 |     5 ||    18
       Paralysed         |       |       |       |     7 |       ||     7
       Petrified         |       |       |       |     4 |     2 ||     6
       Confused          |       |       |       |     2 |       ||     2
       Distracted        |       |       |       |       |     9 ||     9
Armor: Robe              |     7 |     6 |     1 |     3 |     3 ||    20
       Skin              |       |     6 |    18 |    93 |   138 ||   255
       Troll leather arm |       |       |       |       |     6 ||     6
Dodge: Dodged            |    37 |    88 |   233 |   432 |   678 ||  1468
Block: Buckler           |       |       |       |     2 |     4 ||     6

Table legend: (Time is in decaauts)
 A = Elapsed time spent in this place.
 B = Non-inter-level travel time spent in this place.
 C = Inter-level travel time spent in this place.
 D = Time resting spent in this place.
 E = Time spent auto-exploring this place.
 F = Levels seen in this place.
 G = Mean time per level.
                   A        B        C        D        E       F      G
               +--------+--------+--------+--------+--------+-----+--------+
         Total |  24132 |  22552 |   1580 |   1451 |  16421 |  22 | 1096.9 |
       Dungeon |  15055 |  13885 |   1170 |    935 |  10451 |  14 | 1075.4 |
          Lair |   6795 |   6544 |    251 |    455 |   4591 |   5 | 1359.0 |
  Orcish Mines |   2144 |   1985 |    159 |     61 |   1372 |   2 | 1072.0 |
      Ice Cave |    137 |    137 |      0 |      0 |      6 |   1 |  137.0 |
               +--------+--------+--------+--------+--------+-----+--------+

Top non-repeatable levels by time:
  Lair:5: 2248 daAuts
     D:8: 2137 daAuts
     D:7: 1907 daAuts
    D:12: 1695 daAuts
  Lair:4: 1568 daAuts
     D:6: 1523 daAuts
   Orc:2: 1390 daAuts
    D:10: 1171 daAuts
  Lair:2: 1099 daAuts
    D:11: 1097 daAuts
     D:4: 1090 daAuts
    D:13: 1005 daAuts
  Lair:1: 973 daAuts
  Lair:3: 905 daAuts
     D:9: 841 daAuts
